AoeStats
← [NICE_ASS] BigMasi

African Clearing

504529894Analyzed
3v3 RM · 28d ago on Sep 5, 2026· 49m 21s· 6 players
Game mode
Random Map
Map size
Normal (6 player)
Population
200
Speed
Normal
Resources
Standard
Victory
Conquest
Starting age
Dark Age
Ending age
Imperial Age
RankedLock teamsTeams togetherTeam positionsShared explorationLock speedFull tech treeHidden civsTurbo modeCheats
Victory
Defeat
🇪🇸 Khmer · Spain
1226
+16
1210
+17
🇪🇸 Romans · Spain
1197
+17
🇵🇹 Persians · Portugal
1242
-17
🇩🇪 Vietnamese · Germany
1241
-18
🇨🇭 Wei · Switzerland
1195
-15
SuterOne
9:13 Loom
12:23 Feudal Age
13:26 Double-Bit Axe
19:45 Castle Age
20:31 Bloodlines
37:09 Bow Saw
41:51 Imperial Age
40:43 Wheelbarrow
41:10 Husbandry
44:47 Town Watch
46:55 Hand Cart
48:31 Gold Mining
48:33 Stone Mining
48:23 Light Cavalry
49:35 Town Patrol
49:02 Heavy Scorpion
[MNKD] JokinG
4:23 Loom
12:40 Feudal Age
15:01 Double-Bit Axe
17:43 Castle Age
19:38 Wheelbarrow
19:50 Horse Collar
21:06 Bow Saw
27:33 Gold Mining
28:05 Pikeman
29:32 Town Watch
31:18 Scale Mail Armor
31:30 Squires
33:11 Hand Cart
35:33 Imperial Age
33:32 Ballistas
35:04 Chain Mail Armor
35:00 Forging
36:52 Gold Shaft Mining
36:20 Heavy Plow
36:21 Heavy Scorpion
37:00 Halberdier
38:16 Iron Casting
39:31 Conscription
40:15 Blast Furnace
39:55 Ballistics
40:36 Chemistry
39:47 Masonry
39:54 Siege Engineers
41:54 Chemistry
46:20 Coinage
46:02 Guilds
50:01 Scale Barding Armor
49:19 Light Cavalry
50:10 Bloodlines
50:00 Husbandry
[MNKD] Rolerus Magnificus
5:11 Loom
12:25 Feudal Age
13:16 Double-Bit Axe
22:01 Castle Age
20:07 Town Watch
21:57 Bloodlines
23:23 Husbandry
23:40 Horse Collar
28:54 Bow Saw
29:23 Forging
31:06 Scale Barding Armor
33:08 Wheelbarrow
32:36 Gold Mining
32:37 Stone Mining
38:24 Hand Cart
38:31 Fletching
38:42 Padded Archer Armor
40:31 Iron Casting
40:29 Heavy Plow
40:37 Bodkin Arrow
42:31 Gold Shaft Mining
43:57 Leather Archer Armor
43:23 Light Cavalry
48:16 Imperial Age
46:27 Town Patrol
46:53 Ballistics
46:44 Masonry
47:00 Chain Barding Armor
48:23 Hussar
49:26 Conscription
48:27 Elite Mangudai
[NICE_ASS] BigMasi
10:22 Loom
13:42 Feudal Age
14:52 Double-Bit Axe
14:53 Horse Collar
15:28 Gold Mining
20:25 Castle Age
18:56 Stone Mining
21:29 Wheelbarrow
21:16 Bow Saw
21:17 Heavy Plow
25:28 Scale Barding Armor
26:57 Bloodlines
29:01 Chain Barding Armor
28:59 Forging
30:14 Hand Cart
33:25 Husbandry
37:53 Imperial Age
36:27 Iron Casting
36:02 Tuntian
39:30 Conscription
39:44 Ming Guang Armor
41:48 Blast Furnace
40:11 Heavy Hei Guang Cavalry
47:28 Gold Shaft Mining
Massarock
8:04 Loom
14:06 Feudal Age
14:38 Double-Bit Axe
14:41 Town Watch
16:36 Wheelbarrow
16:18 Fletching
17:51 Padded Archer Armor
18:59 Horse Collar
23:50 Castle Age
23:31 Bloodlines
23:33 Forging
24:53 Bow Saw
24:45 Heavy Plow
31:00 Hand Cart
33:40 Bodkin Arrow
39:28 Scale Barding Armor
39:59 Iron Casting
42:27 Imperial Age
40:25 Kamandaran
40:41 Leather Archer Armor
40:31 Crossbowman
41:49 Chain Barding Armor
42:56 Ballistics
44:21 Chemistry
43:57 Onager
번역 없음
7:56 Loom
14:08 Feudal Age
14:42 Double-Bit Axe
17:08 Horse Collar
20:17 Scale Mail Armor
21:32 Fletching
24:23 Wheelbarrow
24:11 Bloodlines
27:39 Castle Age
26:56 Bloodlines
Connection lost

Rejoining the realm…

Still unreachable

The connection could not be restored.

Session expired

The server has moved on; the page needs a fresh start.